Map: Triton LE

Players

Prasertwit (StriKE)

  • Race: Terran Terran
  • Spawn Location: 5:00

Khun (Ranger) - Winner!

  • Race: Protoss Protoss
  • Spawn Location: 11:00

Event: SEA Games 2019

VOD

https://youtu.be/OwKNe7nrzb4

Description

Time

  • Played on: Dec. 5, 2019, 8:50 p.m.
  • Length: 21:46

All games in this series

Show
View Real Time Build Order
Export as new Build Order

Prasertwit Terran 

Build Orders: Reaper Expand 

Get SALT Encoding   

  12  0:00  SCV  
  13  0:12  SCV  
  14  0:16  Supply Depot  
  14  0:24  SCV  
  15  0:38  SCV  
  15  0:39  Barracks  
  16  0:46  Refinery  
  16  0:50  SCV  
  17  1:02  SCV  
  18  1:14  SCV  
  19  1:28  Orbital Command  
  19  1:29  Reaper  
  20  1:43  Command Center  
  20  1:53  Supply Depot  
  20  1:55  SCV  
  21  2:01  Marine  
  21  2:07  SCV  
  23  2:18  Factory  
  23  2:19  SCV  
  24  2:28  Barracks Reactor  
  24  2:31  Bunker, SCV  
  25  2:40  Refinery  
  25  2:43  SCV  
  26  2:55  SCV, Orbital Command  
  27  3:02  Starport  
  27  3:04  Marine x2  
  29  3:07  SCV  
  29  3:10  Widow Mine  
  32  3:19  SCV  
  33  3:22  Marine x2, SCV  
  36  3:30  Bunker  
  36  3:31  SCV  
  36  3:32  Factory Tech Lab  
  37  3:35  SCV  
  37  3:39  Supply Depot  
  37  3:40  Marine x2  
  40  3:43  SCV  
  40  3:44  Starport Tech Lab  
  41  3:50  Siege Tank  
  41  3:52  SCV  
  45  3:55  SCV  
  45  3:56  Supply Depot  
  46  4:04  Supply Depot  
  46  4:09  Banshee  
  49  4:10  Marine x2  
  49  4:12  SCV  
  49  4:15  SCV  
  53  4:20  Supply Depot  
  53  4:24  Engineering Bay  
  52  4:31  Cloaking Field  
  52  4:38  Marine x2  
  54  4:41  Siege Tank  
  57  4:50  SCV  
  57  4:51  Command Center  
  54  5:08  Marine, SCV x2, Banshee  
  54  5:09  Marine  
  54  5:14  Widow Mine  
  63  5:20  SCV x2  
  65  5:22  Barracks  
  65  5:29  Engineering Bay  
  65  5:32  Marine x2, SCV  
  65  5:33  SCV, Missile Turret  
  69  5:44  SCV  
  69  5:45  SCV  
  69  5:48  Siege Tank  
  74  5:56  SCV  
  74  6:06  Marine x2  
  74  6:07  Orbital Command, Missile Turret  
  74  6:08  Barracks, Missile Turret  
  74  6:09  Barracks  
  74  6:10  Barracks  
  76  6:11  Refinery  
  76  6:12  Refinery  
  76  6:19  Starport Reactor  
  74  6:34  SCV x2  
  74  6:38  Stimpack  
  74  6:39  Marauder, Marine x2  
  80  6:40  Siege Tank  
  80  6:46  SCV  
  84  6:48  SCV  
  82  6:55  Terran Infantry Weapons Level 1, Terran Infantry Armor Level 1, Supply Depot  
  82  6:56  Supply Depot  
  82  6:58  SCV  
  82  7:00  SCV, Barracks Tech Lab x2  
  82  7:01  Marauder  
  86  7:05  SCV  
  86  7:07  Barracks Reactor  
  87  7:09  Marine x2  
  87  7:11  SCV  
  87  7:12  SCV  
  91  7:22  Combat Shield, Marine, Marauder x2  
  96  7:23  Concussive Shells  
  96  7:26  Marine  
  96  7:27  Supply Depot  
  96  7:28  Supply Depot  
  96  7:29  SCV  
  94  7:30  SCV  
  94  7:32  SCV  
  94  7:34  Missile Turret  
  94  7:35  Missile Turret  
  94  7:36  Marine  
  96  7:40  Marauder  
  96  7:41  SCV  
  96  7:42  SCV  
  100  7:47  Marine  
  100  7:48  Marauder x2  
  100  7:50  Marine  
  106  7:57  Marine  
  107  8:01  Marauder  
  107  8:02  Medivac x2  
  107  8:04  SCV x2  
  111  8:09  Marauder  
  113  8:15  Marine, Orbital Command  
  114  8:21  SCV  
  114  8:25  Factory Reactor  
  115  8:33  Marauder, Marine  
  114  8:42  Marauder, SCV  
  114  8:43  SCV x2  
  114  8:46  Marauder, Marine  
  114  8:47  Marine x2  
  124  8:52  Medivac x2, Armory  
  124  8:53  Supply Depot  
  124  8:54  Starport  
  124  8:55  SCV  
  129  9:05  Missile Turret  
  129  9:07  Missile Turret  
  129  9:08  SCV x2  
  131  9:12  Missile Turret  
  131  9:13  Missile Turret  
  131  9:14  Refinery  
  129  9:31  Marauder, Marine, Missile Turret  
  132  9:32  Marine  
  132  9:33  Medivac x2, Marauder  
  139  9:40  Refinery  
  139  9:43  Marauder  
  139  9:44  Liberator x2  
  139  9:45  Ghost Academy  
  141  9:48  Marine  
  139  10:03  Supply Depot x4  
  139  10:06  Marauder, Marine  
  148  10:09  Marine  
  148  10:12  Terran Infantry Armor Level 2, Terran Infantry Weapons Level 2  
  149  10:20  Command Center  
  149  10:23  Marauder  
  145  10:34  Marauder, Marine  
  148  10:38  Liberator x3  
  148  10:40  Marine  
  148  10:41  Marauder  
  151  10:51  Marine  
  151  10:52  Marauder  
  151  10:54  Marine x2  
  151  10:56  Marauder, SCV  
  151  10:57  SCV  
  167  11:00  Supply Depot  
  167  11:01  Liberator  
  167  11:03  Supply Depot  
  167  11:04  Sensor Tower  
  167  11:08  Marauder, Marine  
  167  11:09  Marine  
  171  11:12  Marine  
  171  11:13  Marauder  
  177  11:23  Marauder, Marine  
  179  11:29  Marine x2  
  179  11:30  Marauder, Enhanced Shockwaves  
  183  11:33  Fusion Core  
  183  11:45  Marine x2  
  185  11:56  Marine  
  185  11:57  Medivac x2, Marauder x3, Marine  
  185  11:58  Medivac  
  199  12:03  Marine  
  200  12:14  Marine  
  200  12:18  Missile Turret  
  200  12:21  Missile Turret  
  192  12:27  Marauder x2, Marine x2, Planetary Fortress  
  186  12:33  Marine  
  186  12:34  Marauder  
  189  12:39  Marine  
  189  12:40  Sensor Tower  
  189  12:44  Marine  
  189  12:48  Marauder x2  
  189  12:49  Marine  
  186  12:53  Marine  
  186  12:55  Marauder  
  166  13:02  Marine  
  143  13:07  Marine  
  143  13:09  Marine  
  143  13:10  Marauder x2, SCV x2  
  143  13:11  Marine  
  133  13:17  Marauder, Terran Infantry Weapons Level 3, Terran Infantry Armor Level 3  
  133  13:18  Terran Ship Weapons Level 1  
  133  13:19  SCV, Liberator  
  130  13:20  Marine  
  130  13:22  SCV  
  132  13:29  Marine x2, Liberator  
  132  13:30  Marine  
  132  13:31  Marauder x2  
  132  13:32  SCV x2  
  132  13:33  Refinery  
  139  13:35  Refinery  
  139  13:38  Marauder, Marine  
  140  13:48  SCV x3  
  144  14:00  SCV x2  
  144  14:01  SCV  
  136  14:11  Marauder, Marine  
  136  14:12  SCV x2  
  136  14:13  Medivac  
  136  14:14  Medivac  
  141  14:21  Advanced Ballistics  
  141  14:35  Command Center  
  141  14:37  Sensor Tower  
  131  14:48  Marauder, Marine  
  131  14:50  Marauder, Marine  
  131  14:51  Medivac, Marauder, Marine x2  
  131  14:52  Medivac x3  
  139  15:06  Marine  
  140  15:07  Marine, Liberator x2  
  140  15:08  Marine  
  140  15:09  Marine  
  140  15:13  Marauder, Marine  
  146  15:15  Marauder  
  147  15:23  Marine  
  147  15:25  Marine  
  147  15:26  Marine  
  154  15:31  Marauder  
  155  15:36  Supply Depot  
  155  15:37  Supply Depot  
  155  15:40  Marauder  
  155  15:42  Liberator x2  
  157  15:46  Marine  
  157  15:47  Marauder  
  165  16:13  Terran Ship Weapons Level 2  
  165  16:21  Marauder, Marine  
  164  16:35  Marauder, Marine  
  164  16:36  Marine  
  164  16:37  Marauder  
  166  16:41  Marine  
  166  16:42  Marauder  
  136  16:55  Marine  
  136  16:56  Marauder  
  136  16:58  Marauder, Marine  
  136  16:59  Marine  
  114  17:03  Marine  
  114  17:04  Marauder  
  111  17:11  SCV x3  
  111  17:13  Planetary Fortress  
  109  17:18  Marauder  
  109  17:19  Marauder  
  109  17:20  Marine x2  
  112  17:23  SCV  
  112  17:25  Marauder  
  112  17:29  Liberator  
  102  17:39  Marauder, Marine  
  102  17:41  Marauder  
  107  17:45  Marine x3  
  107  17:46  Ghost  
  115  17:53  Missile Turret  
  115  17:56  Marine  
  111  18:00  Ghost  
  111  18:02  Medivac, Marauder  
  111  18:03  Marine  
  113  18:08  Refinery  
  107  18:29  Medivac x2, Marauder x2, Marine  
  107  18:33  Marine  
  107  18:34  Marauder  
  110  18:35  Marine  
  102  18:50  Marauder  
  102  18:54  Liberator x2  
  86  18:55  Marine  
  86  18:56  Marauder, SCV  
  86  18:58  Marauder, Marine x3  
  95  19:08  SCV  
  92  19:11  Medivac x2  
  92  19:12  Marauder  
  92  19:13  Marine  
  92  19:15  Marine  
  92  19:16  Marine  
  105  19:17  Marauder  
  105  19:20  SCV  
  105  19:21  Orbital Command  
  108  19:27  Marauder, Marine  
  108  19:38  Marine  
  108  19:39  Marauder  
  108  19:40  Sensor Tower  
  108  19:45  Marine  
  113  19:46  Marauder  
  113  19:49  Marauder  
  115  19:58  Marine  
  116  20:00  Marauder  
  118  20:13  Marine x2  
  118  20:14  Marauder  
  122  20:21  Marauder, Marine x2  
  114  20:22  Marauder  
  111  20:29  Liberator  
  111  20:31  Marine x2  
  111  20:35  Marauder  
  115  20:38  Marine  
  115  20:39  Marine  
  119  20:43  Marauder  
  119  20:45  Marauder  
  119  20:49  Marine  
  125  20:55  Orbital Command  
  120  21:06  Medivac  
  120  21:07  Medivac x2  
  121  21:19  Marine  
  121  21:20  Marauder  
Show
View Real Time Build Order
Export as new Build Order

Khun Protoss - Winner!

Build Orders: 1 Gate Expand 

Get SALT Encoding   

  12  0:00  Probe  
  13  0:12  Probe  
  14  0:17  Pylon  
  14  0:24  Probe (Chrono Boost)  
  15  0:36  Probe (Chrono Boost)  
  15  0:38  Gateway  
  16  0:44  Probe (Chrono Boost)  
  16  0:46  Assimilator  
  17  0:50  Probe  
  18  1:03  Probe  
  19  1:15  Probe  
  20  1:22  Nexus  
  20  1:32  Cybernetics Core  
  20  1:37  Assimilator  
  20  1:40  Probe  
  21  1:49  Pylon  
  21  1:52  Probe (Chrono Boost)  
  22  2:04  Probe (Chrono Boost)  
  22  2:05  Adept (Chrono Boost)  
  23  2:10  Robotics Facility  
  23  2:11  Probe (Chrono Boost)  
  26  2:19  Warp Gate (Chrono Boost)  
  26  2:22  Probe  
  27  2:29  Stalker  
  29  2:35  Probe (Chrono Boost)  
  30  2:43  Probe (Chrono Boost)  
  30  2:44  Probe (Chrono Boost)  
  32  2:49  Gateway  
  32  2:58  Gateway  
  31  3:04  Probe  
  32  3:08  Warp Prism (Chrono Boost)  
  32  3:12  Probe  
  35  3:20  Probe  
  35  3:24  Pylon  
  35  3:25  Probe  
  37  3:32  Shield Battery  
  37  3:34  Probe  
  38  3:42  Probe  
  38  3:47  Probe  
  40  3:49  Observer  
  40  3:54  Probe  
  42  3:59  Shield Battery  
  42  4:07  Stalker x3  
  48  4:10  Immortal  
  48  4:11  Probe  
  48  4:13  Probe  
  48  4:15  Pylon  
  54  4:29  Robotics Bay  
  54  4:33  Probe  
  54  4:34  Probe  
  54  4:35  Assimilator  
  54  4:37  Assimilator, Pylon  
  56  4:40  Observer  
  56  4:41  Adept  
  58  4:56  Observer (Chrono Boost)  
  59  5:06  Probe  
  60  5:07  Shield Battery  
  60  5:09  Probe  
  61  5:15  Observer (Chrono Boost)  
  61  5:17  Stalker x2, Pylon  
  61  5:18  Probe, Stalker  
  61  5:20  Nexus  
  69  5:22  Probe  
  70  5:33  Pylon  
  70  5:35  Probe  
  71  5:41  Stalker  
  71  5:42  Stalker x2  
  77  5:45  Extended Thermal Lance  
  77  5:49  Disruptor (Chrono Boost)  
  79  6:04  Pylon  
  79  6:07  Gateway, Pylon  
  79  6:08  Gateway  
  79  6:13  Twilight Council  
  79  6:27  Stalker x2  
  79  6:28  Stalker  
  79  6:30  Disruptor (Chrono Boost)  
  85  6:36  Probe x2 (Chrono Boost)  
  91  6:42  Probe (Chrono Boost)  
  91  6:45  Probe x2 (Chrono Boost)  
  93  6:48  Pylon  
  93  6:49  Probe (Chrono Boost)  
  93  6:50  Probe (Chrono Boost)  
  93  6:53  Probe  
  95  6:55  Blink (Chrono Boost)  
  95  6:59  Disruptor  
  95  7:00  Probe  
  100  7:09  Probe x2  
  100  7:13  Assimilator  
  100  7:15  Assimilator, Forge  
  101  7:18  Probe, Pylon  
  101  7:22  Probe  
  97  7:24  Stalker x2  
  101  7:30  Probe  
  101  7:31  Probe  
  103  7:38  Probe  
  103  7:43  Probe (Chrono Boost)  
  103  7:46  Protoss Ground Armor Level 1 (Chrono Boost)  
  103  7:49  Disruptor  
  103  7:51  Stalker x3  
  109  7:58  Probe (Chrono Boost), Robotics Facility  
  114  8:02  Probe (Chrono Boost)  
  114  8:04  Probe (Chrono Boost)  
  114  8:07  Probe (Chrono Boost)  
  114  8:10  Probe  
  117  8:14  Probe  
  117  8:19  Probe  
  119  8:24  Disruptor  
  117  8:42  Stalker x4  
  117  8:43  Stalker  
  117  8:44  Probe x3  
  130  8:52  Dark Shrine  
  130  9:00  Disruptor  
  133  9:10  Pylon  
  133  9:12  Pylon  
  133  9:13  Pylon  
  133  9:14  Pylon  
  133  9:15  Pylon  
  133  9:21  Disruptor  
  133  9:22  Pylon  
  133  9:24  Gateway  
  128  9:31  Stalker  
  128  9:32  Stalker x4  
  128  9:36  Disruptor  
  141  9:38  Photon Cannon  
  141  9:43  Gateway  
  141  9:51  Pylon  
  140  9:57  Disruptor  
  143  10:00  Charge (Chrono Boost)  
  143  10:01  Zealot x5  
  143  10:02  Protoss Ground Weapons Level 1 (Chrono Boost)  
  153  10:07  Forge  
  153  10:16  Gateway  
  153  10:17  Gateway  
  153  10:18  Photon Cannon  
  153  10:34  Stalker x4  
  153  10:35  Stalker x2  
  165  10:36  Stalker  
  167  10:43  Photon Cannon  
  161  10:57  Nexus  
  161  11:01  Pylon  
  161  11:02  Pylon  
  161  11:03  Stalker  
  161  11:04  Stalker, Shield Battery  
  161  11:07  Dark Templar  
  161  11:10  Dark Templar  
  165  11:19  Colossus (Chrono Boost)  
  171  11:32  Colossus (Chrono Boost), Sentry x4  
  181  11:48  Stalker x3  
  187  11:54  Assimilator  
  187  11:56  Assimilator  
  187  12:00  Pylon  
  187  12:03  Gateway  
  187  12:05  Nexus  
  184  12:10  Zealot  
  184  12:11  Zealot x5  
  196  12:20  Photon Cannon  
  196  12:22  Photon Cannon  
  186  12:31  Stalker x4  
  186  12:36  Protoss Ground Weapons Level 2 (Chrono Boost)  
  194  12:43  Protoss Ground Armor Level 2 (Chrono Boost)  
  184  12:56  Dark Templar x4  
  163  13:11  Stalker x3  
  156  13:23  Zealot x3  
  160  13:41  Colossus  
  158  13:46  Probe  
  158  13:47  Templar Archives  
  163  13:49  Probe  
  163  13:53  Probe  
  133  14:14  Stalker x4  
  139  14:24  High Templar x5  
  139  14:26  Probe  
  139  14:28  Probe  
  139  14:31  Probe  
  152  14:32  Archon x2  
  152  14:33  Probe  
  153  14:43  Observer  
  141  14:49  Psionic Storm  
  141  14:52  Stalker x3  
  144  15:00  Probe  
  144  15:02  Probe  
  145  15:09  High Templar x4  
  153  15:15  High Templar x2  
  153  15:22  Colossus (Chrono Boost)  
  159  15:35  High Templar  
  159  15:36  Zealot x2, High Templar  
  168  15:43  Probe x3  
  168  15:44  Probe  
  168  15:48  Observer (Chrono Boost)  
  172  15:52  High Templar x2  
  172  15:55  Probe x2  
  172  15:56  Pylon  
  178  16:01  Zealot x2  
  178  16:03  Zealot  
  184  16:07  Probe  
  184  16:08  High Templar  
  183  16:17  Nexus  
  179  16:32  High Templar, Stalker  
  177  16:33  Stalker x2, Protoss Ground Armor Level 3 (Chrono Boost)  
  149  16:56  Archon  
  149  16:57  Archon  
  127  17:06  Stalker x3  
  127  17:07  Stalker x5  
  117  17:19  Pylon  
  115  17:28  Zealot x2  
  115  17:30  Stalker x4  
  115  17:36  Probe x2  
  115  17:40  Zealot x2  
  115  17:41  Zealot  
  115  17:43  High Templar  
  123  17:46  Probe  
  123  17:47  Probe  
  125  17:52  High Templar x2  
  119  18:11  Stalker x6  
  117  18:31  Stalker x4  
  117  18:32  Probe x3  
  128  18:34  Assimilator  
  128  18:39  Assimilator  
  124  18:47  Archon  
  106  18:57  Zealot x5  
  106  18:58  High Templar x5  
  124  19:06  Immortal x2  
  132  19:11  Pylon  
  128  19:27  High Templar x2, Sentry  
  128  19:28  Zealot x2  
  138  19:37  Nexus  
  138  19:45  Disruptor, Stalker x5  
  147  19:47  Probe  
  147  19:48  Probe x2  
  154  19:57  Zealot x3  
  158  20:11  Archon  
  158  20:20  Archon  
  148  20:25  High Templar  
  148  20:26  Zealot x6, High Templar  
  148  20:27  Zealot, Disruptor x2  
  150  20:29  Stalker  
  150  20:33  Archon  
  150  20:34  Archon  
  150  20:35  Archon  
  152  20:45  Assimilator  
  152  20:48  Zealot x6  
  152  20:49  Assimilator  
  164  21:04  Disruptor x2  
  158  21:09  High Templar  
  158  21:10  High Templar x2  
  170  21:15  Zealot x5  
  170  21:16  Zealot  
  129  21:40  Stalker x7  
Tags
 
Add a new tag
Caveats
  • Supply blocks, unpowered buildings, or Contaminate may cause inaccurate times.
  • Supply counts are checked every 10 seconds.